 Dungeon Crawl Stone Soup version 0.22-a0-407-gb098539 (webtiles) character file.

3694 dstrtnsr the Cleaver (level 10, -2/94 HPs)
             Began as a Hill Orc Berserker on May 9, 2018.
             Was a Priest of Trog.
             Slain by an ogre
             ... wielding a +0 giant club
              (21 damage)
             ... on level 8 of the Dungeon.
             The game lasted 00:05:24 (4815 turns).

dstrtnsr the Cleaver (Hill Orc Berserker)           Turns: 4815, Time: 00:05:25

Health: -2/94      AC: 13    Str: 24    XL:     10   Next: 13%
Magic:  10/10      EV:  8    Int: 10    God:    Trog [***...]
Gold:   166        SH:  0    Dex: 10    Spells: 9/9 levels left

rFire    . . .     SeeInvis .   k - +0 war axe
rCold    . . .     Gourm    .   (no shield)
rNeg     + . .     Faith    .   l - +0 chain mail
rPois    .         Spirit   .   b - +0 helmet
rElec    .         Reflect  .   (no cloak)
rCorr    .         Harm     .   q - +2 pair of gloves
MR       ++...                  (no boots)
Stlth    ..........             (no amulet)
HPRegen  0.25/turn              n - ring of positive energy
MPRegen  0.12/turn              s - ring of the Mage {Wiz MR++ Int+3}

@: berserk cooldown, slowed, very slow
A: no striking features
a: Berserk, Trog's Hand, Renounce Religion


You were on level 8 of the Dungeon.
You worshipped Trog.
Trog was most pleased with you.
You were not hungry.

You visited 1 branch of the dungeon, and saw 8 of its levels.
You also visited: Ossuary.

You collected 400 gold pieces.
You spent 234 gold pieces at shops.

Inventory:

Hand Weapons
 k - a +0 war axe (weapon)
Armour
 b - a +0 helmet (worn)
 l - a +0 chain mail (worn)
 q - a +2 pair of gloves (worn)
Jewellery
 n - a ring of positive energy (left hand)
 s - the ring of the Mage (right hand) {Wiz MR++ Int+3}
   (You found it on level 5 of the Dungeon)

   [ring of wizardry]

   It improves your spell success rate.
   It affects your intelligence (+3).
   It affects your resistance to hostile enchantments.
Wands
 I - a wand of iceblast (11)
Scrolls
 a - a scroll of fear
 d - a scroll of remove curse {unknown}
 f - a scroll of enchant armour
 h - 2 scrolls of blinking
 j - a scroll of teleportation {!d}
 m - 2 scrolls of fog
 o - a scroll of immolation {unknown}
 p - a scroll of enchant weapon {unknown}
 t - 2 scrolls of noise {unknown}
 v - a scroll of random uselessness {unknown}
Potions
 c - a potion of ambrosia
 g - 4 potions of curing {@q1}
 i - a potion of flight
 r - a potion of haste
 u - a potion of agility {unknown}
 w - 2 potions of resistance
 x - 2 potions of heal wounds {unknown}
 z - a potion of might
 A - 2 potions of lignification
 B - a potion of berserk rage {unknown}
Comestibles
 e - 9 rations {!d}


   Skills:
 + Level 10.4 Fighting
 * Level 14.7 Axes
 + Level 2.4 Armour
 - Level 1.5 Dodging
 + Level 0.6 Evocations


You had 9 spell levels left.
You didn't know any spells.

Dungeon Overview and Level Annotations

Branches:
Dungeon (8/15)
 Temple: D:4-7         Lair: D:8-11

Altars:
Ashenzari
Hepliaklqana
Ru
Xom

Shops:
D:6 !


Message History

You feel sick.
A red film seems to cover your vision as you go berserk!
You feel yourself moving faster!
You feel mighty!
You are feeling very hungry.
The ogre hits you with a giant spiked club!!
The jelly quivers.
You slice the ogre!!
You kill the ogre!
Trog accepts your kill.
You feel sick.
A killer bee comes into view.
The killer bee buzzes angrily.
You hear an angry buzzing noise.
The killer bee moves out of view.
You see here a potion of degeneration.
You feel a strong urge to attack something.
You slash the jelly!
You kill the jelly!
Trog accepts your kill.
You feel sick.
A killer bee comes into view.
The killer bee buzzes angrily.
You feel a strong urge to attack something.
You feel sick.
The killer bee stings you but does no damage.
You closely miss the killer bee.
The killer bee stings you but does no damage.
You slice the killer bee!!
You kill the killer bee!
Trog accepts your kill. The killer bee barely misses you.
You slash the killer bee!
The killer bee is severely wounded.
You feel sick.
The killer bee stings you but does no damage.
You closely miss the killer bee.
The killer bee is severely wounded.
You are no longer berserk.
You are exhausted.
You feel yourself slow down. The killer bee stings you.
You barely miss the killer bee.
The killer bee is severely wounded.
The killer bee stings you but does no damage.
The killer bee barely misses you.
You hit the killer bee.
The killer bee is severely wounded.
You feel sick.
The killer bee stings you but does no damage.
The killer bee barely misses you. The killer bee closely misses you.
You slash the killer bee!
You kill the killer bee!
Trog accepts your kill.
You feel sick.
You see here a killer bee corpse.
A phantom comes into view.
Found a scroll of teleportation and 13 stones.
Unknown command.
You feel sick. The hungry ghost hits you.
You are near starving!
You see here a killer bee corpse.
The hungry ghost hits you.
You feel somewhat more hungry.
You feel sick. The hungry ghost hits you.
You are starving!
You feel sick. The hungry ghost hits you.
You feel somewhat more hungry.
You see here a ration {!d}.
The phantom hits you.
You feel sick.
You are no longer poisoned.
The hungry ghost hits you.
You feel somewhat more hungry.
As you read the scroll of teleportation {!d}, it crumbles to dust.
You feel strangely unstable. The hungry ghost hits you.
You are fainting from starvation!
Eat a chunk of flesh? (ye/n/q)
You eat the chunk of flesh.
This raw flesh tastes terrible.
You are near starving!
The phantom blinks!
The hungry ghost hits you.
You feel somewhat more hungry.
The two-headed ogre hits you with a giant club.
The two-headed ogre barely misses you. The hungry ghost hits you.
You are starving!
Your surroundings suddenly seem different.
Found 19 arrows.
The ogre shouts!
Found 18 gold pieces.
The ogre completely misses you.
You are too hungry to fight recklessly!
You are too hungry to fight recklessly!
You are too hungry to fight recklessly!
You are too hungry to fight recklessly!
You are too hungry to fight recklessly!
You eat one of the 10 rations {!d}.
That ration really hit the spot!
The ogre hits you with a giant club!
You slash the ogre!
The ogre is moderately wounded.
The ogre hits you with a giant club!!
* * * LOW HITPOINT WARNING * * *
You slash the ogre!
The ogre is almost dead.
The ogre hits you with a giant club!!
You die...

<.....###.#.###/#.###.#
..........#.....#.....#
.......#.....#.....#.. .
.(.###.#.###.#.###.#.###..
... .#. ..#.....#......
... ... ..............# ..
.. .............#. # ###
##(####.#.####
#...@O.......$
##############


You could see an ogre.

Vanquished Creatures
  The ghost of SakhabievAskhat the Insei, a novice GnTm of Cheibriados (D:7)
  A centaur zombie (D:8)
  The ghost of p0werm0de the Chopper, a novice DDFi of Makhleb (D:6)
  Joseph (D:7)
  Prince Ribbit (D:6)
  A wyvern (D:8)
  A hungry ghost (D:7)
  A black bear (D:3)
  A phantom (D:4)
  An ice beast (D:7)
  An ogre (D:8)
  2 centaurs
  3 scorpions
  5 killer bees (D:8)
  3 wights (D:7)
  2 jellies
  3 hounds
  A bullfrog skeleton (D:8)
  A gnoll shaman (D:6)
  An orc priest (D:6)
  A centaur skeleton (D:5)
  2 iguanas
  6 worker ants
  Natasha (twice) (D:4)
  2 orc wizards
  A hound zombie (D:6)
  A worker ant zombie (D:3)
  4 gnolls (D:6)
  4 adders
  A shadow imp (D:5)
  A worm (D:2)
  A dart slug (D:3)
  2 leopard geckos
  13 orcs
  4 bats
  3 giant cockroaches
  3 goblins
  A hobgoblin (D:3)
  4 jackals (D:3)
  3 quokkas
  A ball python (D:4)
  5 frilled lizards
  5 kobolds
  A leopard gecko skeleton (D:4)
  6 rats
109 creatures vanquished.

Notes
Turn   | Place    | Note
-------+----------+-------------------------------------------
     0 | D:1      | dstrtnsr the Hill Orc Berserker began the quest for the Orb.
     0 | D:1      | Reached XP level 1. HP: 19/19 MP: 1/1
    85 | D:1      | Reached XP level 2. HP: 24/27 MP: 2/2
   554 | D:3      | Reached skill level 5 in Axes
   554 | D:3      | Reached XP level 3. HP: 32/33 MP: 3/3
   560 | D:3      | Reached ** piety under Trog
   724 | D:3      | Found a sacrificial altar of Ru.
   763 | D:3      | Reached XP level 4. HP: 29/41 MP: 4/4
   878 | D:3      | Reached skill level 6 in Axes
  1220 | D:3      | Noticed a black bear
  1228 | D:3      | Killed a black bear
  1228 | D:3      | Reached skill level 5 in Fighting
  1228 | D:3      | Reached XP level 5. HP: 48/48 MP: 5/5
  1286 | D:4      | Reached skill level 7 in Axes
  1303 | D:4      | Noticed a phantom
  1370 | D:4      | Killed a phantom
  1370 | D:4      | Reached XP level 6. HP: 45/56 MP: 6/6
  1457 | D:4      | Noticed Natasha
  1464 | D:4      | Killed Natasha
  1485 | D:4      | Noticed Natasha
  1492 | D:4      | Killed Natasha
  1492 | D:4      | Reached skill level 8 in Axes
  1592 | D:5      | Entered Level 5 of the Dungeon
  1592 | D:5      | Found the ring of the Mage {Wiz MR++ Int+3}
  1615 | D:5      | Found a sand-covered staircase.
  1796 | D:5      | Reached *** piety under Trog
  1965 | D:5      | Reached XP level 7. HP: 63/63 MP: 7/7
  2107 | Ossuary  | Entered an ossuary
  2303 | D:6      | Noticed p0werm0de's ghost (novice DDFi)
  2312 | D:6      | Reached skill level 9 in Axes
  2312 | D:6      | Killed p0werm0de's ghost
  2312 | D:6      | Reached skill level 10 in Axes
  2312 | D:6      | Reached XP level 8. HP: 73/73 MP: 8/8
  2657 | D:6      | Found Minwitoirph's Distillery.
  2665 | D:6      | Bought a potion of resistance for 130 gold pieces
  2665 | D:6      | Bought a potion of might for 52 gold pieces
  2665 | D:6      | Bought a potion of lignification for 39 gold pieces
  2665 | D:6      | Bought a potion of degeneration for 13 gold pieces
  2975 | D:6      | Found a shattered altar of Ashenzari.
  3087 | D:6      | Reached skill level 11 in Axes
  3123 | D:6      | Found a shimmering altar of Xom.
  3124 | D:6      | Found a hazy altar of Hepliaklqana.
  3125 | D:6      | Noticed a spectral ugly thing
  3131 | D:6      | Noticed Prince Ribbit
  3136 | D:6      | Killed Prince Ribbit
  3372 | D:7      | Noticed SakhabievAskhat's ghost (novice GnTm)
  3402 | D:7      | HP: 29/75 [SakhabievAskhat's ghost (11)]
  3404 | D:7      | Killed SakhabievAskhat's ghost
  3404 | D:7      | Reached skill level 12 in Axes
  3404 | D:7      | Reached XP level 9. HP: 34/83 MP: 9/9
  3561 | D:7      | Reached skill level 13 in Axes
  3952 | D:7      | Noticed Joseph
  3961 | D:7      | Killed Joseph
  4262 | D:8      | Reached skill level 14 in Axes
  4269 | D:8      | Reached skill level 10 in Fighting
  4388 | D:8      | Noticed a two-headed ogre
  4394 | D:8      | HP: 21/85 [two-headed ogre/giant club (15)]
  4738 | D:8      | Reached XP level 10. HP: 90/94 MP: 10/10
  4814 | D:8      | HP: 19/94 [ogre/giant club (21)]
  4815 | D:8      | Slain by an ogre

Vault maps used:
D:1:      ncdulo_lavacross
D:2:      first_ration, kennysheep_pointless_box
D:3:      lemuel_crystal_altar, serial_glass, glass_columns_b, glass_columns_b,
          minmay_misc_feat_enclosed, xom_teletrap_fun
D:4:      minmay_temple_entry_fiery, minmay_hedge_maze, dk_noncrumbling_4,
          uniq_crazy_yiuf_cottage, uniq_natasha
D:5:      enter_ossuary_1
D:6:      regret_index_temple_of_mockery, lemuel_coloured_pillars_altar,
          serial_shops, shop_fountains, kennysheep_crisscross,
          kennysheep_generic_room_15, uniq_prince_ribbit1
D:7:      uniq_joseph
D:8:      hangedman_cross_stitches
Ossuary:  ossuary_minmay_tomb_2a

Skill      XL: |  1  2  3  4  5  6  7  8  9 |
---------------+----------------------------+-----
Fighting       | 4 5 6 7 9 10 | 10.4
Axes           | 5 6 7 8 10 12 14 | 14.7
Armour         | |  2.4
Dodging        | |  1.5
Evocations     | |  0.6

Action                   |  1- 3 |  4- 6 |  7- 9 | 10-12 || total
-------------------------+-------+-------+-------+-------++-------
Melee: Hand axe          |    61 |    13 |       |       ||    74
       War axe           |       |    83 |   176 |    25 ||   284
Invok: Berserk           |     2 |     4 |     6 |     1 ||    13
       Trog's Hand       |       |       |     1 |       ||     1
Evoke: Wand              |       |       |     1 |       ||     1
  Use: Scroll            |       |       |    12 |     1 ||    13
  Eat: Chunk             |     1 |     4 |    18 |     1 ||    24
       Ration            |       |     1 |       |     1 ||     2
Armor: Animal skin       |     9 |     1 |       |       ||    10
       Chain mail        |       |    47 |    68 |    16 ||   131
Dodge: Dodged            |    53 |    36 |    67 |    10 ||   166

Table legend:
 A = Spawn XP
 B = Non-spawn XP
 C = Spawn XP percentage of total XP
 D = Spawn monster count
 E = Non-spawn monster count
 F = Spawn count percentage of total count
 G = Total turns spent on level
                    A         B        C        D         E        F      G
               +---------+---------+-------+---------+---------+-------+---------
         Total |       0 |    5278 |   0.0 |       0 |     109 |   0.0 |  4815
               +---------+---------+-------+---------+---------+-------+---------
           D:1 |       0 |      17 |   0.0 |       0 |      14 |   0.0 |   348
           D:2 |       0 |       8 |   0.0 |       0 |       3 |   0.0 |   197
           D:3 |       0 |     220 |   0.0 |       0 |      26 |   0.0 |   698
           D:4 |       0 |     246 |   0.0 |       0 |      12 |   0.0 |   349
           D:5 |       0 |     160 |   0.0 |       0 |       6 |   0.0 |   530
           D:6 |       0 |    1318 |   0.0 |       0 |      17 |   0.0 |  1096
           D:7 |       0 |    2033 |   0.0 |       0 |      16 |   0.0 |  1023
           D:8 |       0 |    1276 |   0.0 |       0 |      15 |   0.0 |   571
               +---------+---------+-------+---------+---------+-------+---------
